Description

Roach macro

Replay - Zerg Tip #2

Build Order

Get SALT Encoding   

  8  0:01  Drone  
  9  0:13  Drone  
  10  0:17  Drone  
  11  0:22  Drone  
  12  0:28  Extractor  
  11  0:30  Drone  
  13  0:39  Overlord  
  13  0:59  Drone x2  
  15  1:12  Hatchery  
  14  1:16  Drone  
  15  1:20  Drone  
  16  1:23  Drone  
  17  1:37  Spawning Pool  
  16  1:44  Drone x2  
  17  1:47  Extractor  
  17  1:55  Drone  
  18  2:08  Drone  
  19  2:12  Overlord  
  19  2:24  Queen x2  
  23  2:27  Zergling  
  24  2:31  Zergling  
  25  2:34  Drone  
  26  2:41  Drone  
  27  2:43  Drone  
  28  2:49  Drone  
  29  2:52  Overlord  
  29  3:03  Drone  
  30  3:04  Drone  
  31  3:05  Metabolic Boost  
  31  3:10  Drone  
  32  3:14  Drone x2  
  34  3:26  Hatchery  
  33  3:30  Overlord  
  33  3:34  Drone  
  34  3:35  Drone  
  35  3:37  Drone  
  36  3:43  Drone x3  
  39  3:49  Evolution Chamber  
  39  3:52  Lair  
  38  3:55  Drone  
  39  3:58  Drone  
  40  3:59  Drone  
  41  4:05  Roach Warren  
  40  4:08  Drone x2  
  42  4:12  Overlord  
  42  4:16  Drone x2  
  44  4:23  Drone x3  
  47  4:24  Drone  
  48  4:26  Extractor  
  47  4:28  Extractor, Zerg Missile Weapons Level 1  
  46  4:33  Queen  
  48  4:38  Drone x3  
  51  4:43  Drone x3  
  54  4:47  Drone x2  
  56  4:51  Drone x2  
  58  4:53  Overlord  
  58  4:56  Glial Reconstitution  
  58  5:01  Overlord  
  58  5:03  Drone x2  
  60  5:10  Overlord  
  60  5:11  Drone x2  
  62  5:12  Drone  
  63  5:16  Drone x2, Extractor  
  64  5:17  Drone  
  65  5:18  Drone  
  66  5:21  Drone x2, Extractor  
  67  5:27  Drone  
  68  5:32  Drone x2  
  70  5:36  Hatchery  
  69  5:41  Drone x4  
  73  5:47  Drone x3, Extractor  
  75  5:48  Overlord x3  
  75  5:50  Overlord  
  75  5:55  Roach x2  
  79  5:59  Roach  
  81  6:02  Overlord  
  81  6:05  Roach  
  83  6:06  Overlord  
Spawning Tool Build Advisor. Get it on Overwolf

Go to:

Details

  • Created by: HepatitisLee420
  • Published on: Aug 01, 2026
  • Modified on: Aug 01, 2026
  • Patch: 5.0.16
  • Difficulty: Easy
Show
View Real Time Build Order
Export as new Build Order

Comments (0)

There are no comments. Be the first!

Create an account to comment!